 Dungeon Sprint DCSS version 0.27-a0-1525-g1038ab4fd7 (webtiles) character file.

Game seed: 6998579876609246289

1286 mhtbhm the Protected (level 8, 0/56 HPs)
             Began as a Gargoyle Fighter on July 10, 2021.
             Was a Believer of Qazlal.
             Slain by Erica (5 damage)
             ... in the Dungeon (Sprint III: "The Ten Rune Challenge").
             The game lasted 00:02:24 (1656 turns).

mhtbhm the Protected (Gargoyle Fighter)             Turns: 1656, Time: 00:02:24

Health: 0/56       AC: 14    Str: 21    XL:     8   Next: 55%
Magic:  0/8        EV:  9    Int: 10    God:    Qazlal [**....]
Gold:   41         SH: 14    Dex:  9    Spells: 7/7 levels left

rFire    . . .     SeeInvis +   a - +0 flail
rCold    . . .     Faith    .   c - +0 kite shield
rNeg     + . .     Spirit   .   b - +0 scale mail
rPois    ∞         Reflect  .   (no helmet)
rElec    +         Harm     .   (no cloak)
rCorr    .         Rampage  .   (no gloves)
Will     .....     NoTele   +   (no boots)
Stlth    ..........             (no amulet)
HPRegen  0.18/turn              (no ring)
MPRegen  0.11/turn              (no ring)

@: no status effects
A: sickness immunity, AC +5, negative energy resistance 1, electricity
resistance, torment resistance 1, petrification resistance, see invisible,
evolution 1
a: Renounce Religion, Upheaval


You were in the Dungeon.
You worshipped Qazlal.
Qazlal was pleased with you.
You visited 1 branch You collected 41 gold pieces.

Inventory:

Hand Weapons
 a - a +0 flail (weapon)
Armour
 b - a +0 scale mail (worn)
 c - a +0 kite shield (worn)
Scrolls
 j - a scroll of blinking
 k - a scroll of holy word {unknown}
 l - 3 scrolls of identify
 n - a scroll of torment {unknown}
Potions
 h - 2 potions of magic
 m - 2 potions of flight
 o - 5 potions of mutation
Miscellaneous
 i - a phial of floods (inert)


   Skills:
 + Level 9.2 Fighting
 + Level 10.7 Maces & Flails
 + Level 10.8 Armour
 + Level 2.3 Dodging
 + Level 2.6 Stealth
 + Level 9.3 Shields
 + Level 0.8 Evocations


You had 7 spell levels left.
You didn't know any spells.
Your spell library contained the following spells:

 Spells                   Type           Power      Damage    Failure   Level
 Slow                     Hex            0%         N/A       95%         2
 Confusing Touch          Hex            0%         N/A       99%         3
 Gell's Gravitas          Tloc           0%         N/A       99%         3
 Lesser Beckoning         Tloc           0%         N/A       99%         3
 Teleport Other           Tloc           0%         N/A       99%         3
 Vampiric Draining        Necr           0%         2d6       99%         3


Dungeon Overview and Level Annotations

Branches:
Dungeon (1/1)

Altars:
Cheibriados
Dithmenos
Elyvilon
Fedhas
Gozag
Hepliaklqana
Kikubaaqudgha
Makhleb
Nemelex Xobeh
Okawaru
Qazlal
Ru
Sif Muna
Trog
Uskayaw
Vehumet
Wu Jian
Xom
Yredelemnul
Zin
The Shining One
Beogh
Jiyva
Lugonu

Annotations:
D Erica


Innate Abilities, Weirdness & Mutations

You are immune to sickness and miasma.
Your stone body is resilient. (AC +5)
You are immune to poison.
You resist negative energy. (rN+)
You are resistant to electric shocks. (rElec)
You are resistant to unholy torment.
You are immune to petrification.
You have supernaturally acute eyesight. (SInv)
You evolve.


Message History

Unknown command.
You hit Erica.
Erica is lightly wounded.
You block Erica's attack.
You barely miss Erica.
Erica is lightly wounded.
Erica splashes around in the water.
Unknown command.
You barely miss Erica.
Erica is lightly wounded.
Erica closely misses you.
You barely miss Erica.
Erica is lightly wounded.
Erica splashes around in the water.
Unknown command.
You thump Erica!
Erica is moderately wounded.
You block Erica's attack.
Unknown command.
You sock Erica!
Erica is moderately wounded.
You block Erica's attack.
Unknown command.
You completely miss Erica.
Erica is moderately wounded.
Erica is no longer waterlogged.
Erica says, "Fast and perfect.
Such is my way of killing."
You block Erica's attack.
Unknown command.
Aiming: Upheaval
Press: ? - help, Dir - move target, p - Erica A blizzard blasts the area with ice!
Erica closely misses you.
Unknown command.
Unknown command.
Aiming: Upheaval
Press: ? - help, Dir - move target A storm cloud blasts the area with cutting wind!
Erica hits you with a +4 scimitar of flaming.
You die...

#...#__.#._#
###'#)###)##
#...)......#
'.⌠........#
#...######'#
#.⌠.#__#...#+#####
#...#__#...#..§§§+
#)###__#...#.#§§§#
#...#__#...'.#§@@#
#___#__'...#.#§§§#
▓▓▓▓▓▓▓▓▓▓▓▓▓▓▓▓▓▓


You could see Erica.

Vanquished Creatures
  A deep elf pyromancer (D)
  A shadow (D)
  A spatial vortex (D)
  A necrophage (D)
  A water elemental (D)
  A jelly (D)
  Jessica (D)
  A wizard (D)
  A necromancer (D)
  A kobold demonologist (D)
  3 humans (D)
  A phantom (D)
  3 rats (D)
17 creatures vanquished.

Notes
Turn   | Place    | Note
-------+----------+-------------------------------------------
     0 | D        | mhtbhm the Gargoyle Fighter began the quest for the Orb.
     0 | D        | Reached XP level 1. HP: 14/14 MP: 1/1
    76 | D        | Noticed Jessica
    92 | D        | Killed Jessica
    93 | D        | Reached XP level 2. HP: 15/20 MP: 2/2
    93 | D        | Reached XP level 3. HP: 19/24 MP: 3/3
   186 | D        | Reached skill level 5 in Fighting
   186 | D        | Reached skill level 5 in Armour
   186 | D        | Reached skill level 5 in Shields
   454 | D        | Gained mutation: Armour fits poorly on your strangely
                  | shaped body. [potion of mutation]
   454 | D        | Gained mutation: You have large cloven feet. [potion of
                  | mutation]
   455 | D        | Lost mutation: You have large cloven feet. [potion of
                  | mutation]
   455 | D        | Lost mutation: Armour fits poorly on your strangely shaped
                  | body. [potion of mutation]
   455 | D        | Gained mutation: You do not regenerate when monsters are
                  | visible. [potion of mutation]
   455 | D        | Gained mutation: Your large and strong wings let you fly.
                  | [potion of mutation]
   456 | D        | Lost mutation: You do not regenerate when monsters are
                  | visible. [potion of mutation]
   456 | D        | Lost mutation: Your large and strong wings let you fly.
                  | [potion of mutation]
   456 | D        | Gained mutation: You have supernaturally acute eyesight.
                  | (SInv) [potion of mutation]
   456 | D        | Gained mutation: You evolve. [potion of mutation]
   460 | D        | Noticed a water elemental
   464 | D        | Killed a water elemental
   465 | D        | Reached XP level 4. HP: 8/32 MP: 4/4
   784 | D        | Noticed a shadow
   789 | D        | Killed a shadow
   790 | D        | Reached skill level 1 in Dodging
   790 | D        | Reached skill level 1 in Stealth
   790 | D        | Reached XP level 5. HP: 38/38 MP: 5/5
   790 | D        | Reached XP level 6. HP: 44/44 MP: 6/6
   831 | D        | Found a blossoming altar of Fedhas.
   831 | D        | Found a stormy altar of Qazlal.
   831 | D        | Found a snail-covered altar of Cheibriados.
   831 | D        | Found a burning altar of Makhleb.
   831 | D        | Found a shimmering altar of Xom.
   832 | D        | Found a hazy altar of Hepliaklqana.
   832 | D        | Found an opulent altar of Gozag.
   832 | D        | Found a sparkling altar of Nemelex Xobeh.
   832 | D        | Found a corrupted altar of Lugonu.
   832 | D        | Found a viscous altar of Jiyva.
   832 | D        | Noticed a spatial vortex
   844 | D        | Became a worshipper of Qazlal Stormbringer
   850 | D        | Killed a spatial vortex
  1034 | D        | Found a basalt altar of Yredelemnul.
  1034 | D        | Found a shadowy altar of Dithmenos.
  1034 | D        | Found a sacrificial altar of Ru.
  1034 | D        | Noticed a necrophage
  1040 | D        | Reached XP level 7. HP: 48/48 MP: 7/7
  1046 | D        | Reached * piety under Qazlal
  1070 | D        | Found a hide-covered altar of Uskayaw.
  1070 | D        | Found an iron altar of Okawaru.
  1070 | D        | Found a bloodstained altar of Trog.
  1070 | D        | Found an ornate altar of the Wu Jian Council.
  1070 | D        | Noticed a human
  1071 | D        | Noticed a human
  1086 | D        | Killed a human
  1089 | D        | Killed a human
  1090 | D        | Reached skill level 10 in Armour
  1234 | D        | Found a radiant altar of Vehumet.
  1234 | D        | Found a shimmering blue altar of Sif Muna.
  1234 | D        | Found an ancient bone altar of Kikubaaqudgha.
  1241 | D        | Reached ** piety under Qazlal
  1318 | D        | Found a glowing silver altar of Zin.
  1318 | D        | Found a glowing golden altar of the Shining One.
  1318 | D        | Found a white marble altar of Elyvilon.
  1319 | D        | Noticed a deep elf pyromancer
  1336 | D        | Noticed a fire elemental
  1337 | D        | Killed a deep elf pyromancer
  1338 | D        | Reached skill level 10 in Maces & Flails
  1338 | D        | Reached XP level 8. HP: 7/56 MP: 8/8
  1638 | D        | Noticed Erica
  1656 | D        | Slain by Erica

Illustrated notes

Levels and vault maps discovered:
D:        dungeon_sprint_mu [sprint_mu_entry_forest, sprint_mu_temple_rooms,
          sprint_mu_d1_horrors, sprint_mu_d2_genie, sprint_mu_d3_branching,
          sprint_mu_orc_legion, sprint_mu_elf_gauntlet, sprint_mu_hive_nellie,
          sprint_mu_lair_fedhas, sprint_mu_vaults_butterflies,
          sprint_mu_slime_circle, sprint_mu_swamp_cave, sprint_mu_shoals_archi,
          sprint_mu_blade_basic, sprint_mu_crypt_fortress,
          sprint_mu_tomb_spiral, sprint_mu_vestibule_basic,
          sprint_mu_gehenna_hellfire, sprint_mu_dis_giant,
          sprint_mu_tartarus_statrot, sprint_mu_cocytus_islands, sprint_mu_zot1]

Skill      XL: |  1  2  3  4  5  6  7 |
---------------+----------------------+-----
Fighting       | 4 5 7 9 |  9.2
Armour         | 4 6 8 9 10 | 10.8
Shields        | 4 5 7 9 |  9.3
Maces & Flails | 4 6 8 10 | 10.7
Dodging        | 1 2 |  2.3
Stealth        | 1 2 |  2.6
Evocations     | |  0.8

Action                   |  1- 3 |  4- 6 |  7- 9 || total
-------------------------+-------+-------+-------++-------
Melee: Flail             |    56 |    19 |    55 ||   130
Invok: Upheaval          |       |       |     2 ||     2
Evoke: Phial of floods   |       |       |     2 ||     2
  Use: Potion            |     3 |     1 |     4 ||     8
Armor: Scale mail        |    19 |     1 |     8 ||    28
Dodge: Dodged            |    18 |     5 |     9 ||    32
Block: Kite shield       |    31 |     3 |    32 ||    66

Table legend: (Time is in decaauts)
 A = Elapsed time spent in this place.
 B = Non-inter-level travel time spent in this place.
 C = Inter-level travel time spent in this place.
 D = Time resting spent in this place.
 E = Time spent auto-exploring this place.
 F = Levels seen in this place.
 G = Mean time per level.
                   A        B        C        D        E       F      G
               +--------+--------+--------+--------+--------+-----+--------+
         Total |   1688 |   1688 |      0 |   1229 |     67 |   1 | 1688.0 |
       Dungeon |   1688 |   1688 |      0 |   1229 |     67 |   1 | 1688.0 |
               +--------+--------+--------+--------+--------+-----+--------+

Top non-repeatable levels by time:
       D: 1688 daAuts
